 Dungeon Crawl Stone Soup version 0.31.0-1-g2c135a0 (webtiles) character file.

Game seed: 9185114636780613078

669 bonegar the Sneak (level 7, -6/57 HPs)
             Began as a Naga Enchanter on Feb 12, 2024.
             Was an Initiate of Vehumet.
             Mangled by a killer bee (8 damage)
             ... on level 6 of the Dungeon.
             The game lasted 00:45:39 (3255 turns).

bonegar the Sneak (Naga Enchanter)                  Turns: 3255, Time: 00:45:40

Health: -6/57      AC:  3    Str: 16    XL:     7   Next: 58%
Magic:  0/12       EV: 10    Int: 15    God:    Vehumet [......]
Gold:   301        SH:  0    Dex: 14    Spells: 8/13 levels left

rFire   + . .        i - +0 short sword (freeze)
rCold   x . .        (no shield)
rNeg    . . .        b - +0 robe
rPois   +            (no helmet)
rElec   .            (no cloak)
rCorr   .            (no gloves)
SInv    +            (no barding)
Will    +....        l - amulet of guardian spirit
Stlth   ++++         p - +6 ring of strength
HPRegen 0.29/turn    g - ring of fire
MPRegen 0.13/turn

%: guardian spirit
@: enlightened, flying, hasted, quick
A: AC +2, large, see invisible, deformed body, poison resistance, slowness 2,
spit poison 1, naga tail 1
a: Spit Poison, Renounce Religion


You were on level 6 of the Dungeon.
You worshipped Vehumet.
Vehumet was noncommittal.
You visited 1 branch of the dungeon, and saw 6 of its levels.

You collected 301 gold pieces.

Inventory:

Hand Weapons
 a - a +1 dagger
 i - a +0 short sword of freezing (weapon)
Missiles
 d - 6 poisoned darts (quivered)
 q - 6 curare-tipped darts
Armour
 b - a +0 robe (worn)
 n - a +0 leather armour
Jewellery
 g - a ring of fire (right hand)
 l - an amulet of guardian spirit (around neck)
 p - a +6 ring of strength (left hand)
Talismans
 k - a maw talisman
Wands
 e - a wand of flame (11)
Scrolls
 f - a scroll of enchant armour {unknown}
 s - a scroll of amnesia {unknown}
Potions
 h - a potion of might {unknown}
 m - a potion of attraction
 o - a potion of mutation
 r - a potion of cancellation


   Skills:
 + Level 1.3 Fighting
 + Level 2.9 Short Blades
 * Level 1.4 Throwing
 * Level 2.9 Dodging
 + Level 7.2 Stealth
 * Level 3.8 Spellcasting
 + Level 4.0 Hexes
 + Level 1.5 Ice Magic
 + Level 0.1 Evocations


You had 8 spell levels left.
You knew the following spells:

 Your Spells              Type           Power      Damage    Failure   Level
a - Ensorcelled Hibernat  Hex/Ice        22%        N/A       9%          2
b - Tukima's Dance        Hex            15%        N/A       11%         3

Your spell library contained the following spells:

 Spells                   Type           Power      Damage    Failure   Level
 Confusing Touch          Hex            15%        N/A       11%         3
 Dazzling Flash           Conj/Hex       18%        N/A       24%         3
 Cigotuvi's Dreadful Rot  Necr/Alch/Air  4%         N/A       28%         2
 Hailstorm                Conj/Ice       5%         3d5       36%         3
 Summon Ice Beast         Ice/Summ       5%         N/A       36%         3
 Dispel Undead            Necr           2%         3d7       88%         4
 Martyr's Knell           Necr/Summ      2%         N/A       88%         4
 Death Channel            Necr           1%         N/A       100%        6
 Sculpt Simulacrum        Ice/Alch       2%         N/A       100%        6


Dungeon Overview and Level Annotations

Branches:
Dungeon (6/15)             Temple (0/1) D:6

Altars:
Ru
Vehumet

Annotations:
D:4 3 runed translucent doors, aor's ghost, novice MiGl


Innate Abilities, Weirdness & Mutations

Your serpentine skin is tough. (AC +2)
You have supernaturally acute eyesight. (SInv)
Armour fits poorly on your strangely shaped body.
Your system is resistant to poisons. (rPois)
You cover ground very slowly.
You can spit poison.
You have a snake-like lower body.


Message History

The killer bee closely misses you. The killer bee stings you.
The killer bee stings you but does no damage.
The killer bee stings you.
Aiming: Throw Flame
Press: ? - help, Shift-Dir - straight line, f/p - killer bee
Aim: a killer bee (almost dead, 39% to hit)
The puff of flame hits the killer bee!
You kill the killer bee!
Vehumet accepts your kill. The killer bee stings you.
The killer bee barely misses you. The killer bee closely misses you.
Aiming: Throw Flame
Press: ? - help, Shift-Dir - straight line, f - killer bee
Aim: a killer bee (39% to hit)
The puff of flame hits the killer bee!
The killer bee is heavily wounded.
The killer bee barely misses you. The killer bee stings you!
* * * LOW HITPOINT WARNING * * *
The killer bee closely misses you. The killer bee barely misses you.
Aiming: Throw Flame
Press: ? - help, Shift-Dir - straight line, f/p - killer bee
Aim: a killer bee (heavily wounded, 39% to hit)
The puff of flame hits the killer bee!
The killer bee is almost dead.
The killer bee stings you.
* * * LOW HITPOINT WARNING * * *
The killer bee stings you.
* * * LOW HITPOINT WARNING * * *
The killer bee stings you but does no damage.
The killer bee misses you.
It was a potion of haste.
You feel yourself speed up. The killer bee stings you.
* * * LOW HITPOINT WARNING * * *
The killer bee stings you but does no damage.
The killer bee stings you. The killer bee closely misses you.
It was a potion of enlightenment.
You feel very buoyant.
You fly up into the air.
The killer bee closely misses you. The killer bee stings you!
You die...

.....#### #.....##.#
........#######.######.###
....>...##......# #.#..
........##..⌠...# #.#..
........##.....## #.#..
........##⌠.>.⌠# #....
........##.....## ###.[
........##..⌠...# #..
........y@......# ###
####+####y......#
#########


You could see 2 killer bees.

Vanquished Creatures
  4 scorpions
  A killer bee (D:6)
  4 jellies
  A hound (D:6)
  2 orc wizards (D:5)
  A sleepcap (D:5)
  6 adders
  A white imp (D:5)
  A ribbon worm (D:2)
  13 orcs
  4 endoplasms
  2 giant cockroaches
  6 goblins
  2 hobgoblins
  4 quokkas
  4 ball pythons
  6 bats
  2 frilled lizards (D:3)
  6 kobolds
  13 rats
83 creatures vanquished.

Vanquished Creatures (others)
  An orc priest (D:5)
1 creature vanquished.

Grand Total: 84 creatures vanquished

Notes
Turn   | Place    | Note
-------+----------+-------------------------------------------
     0 | D:1      | bonegar the Naga Enchanter began the quest for the Orb.
     0 | D:1      | Reached XP level 1. HP: 15/15 MP: 3/3
   185 | D:1      | Reached XP level 2. HP: 22/22 MP: 5/5
   204 | D:1      | Learned a level 2 spell: Ensorcelled Hibernation
   219 | D:1      | Reached skill level 5 in Stealth
   564 | D:2      | HP: 1/22 [poisoned by an adder]
   578 | D:2      | Reached XP level 3. HP: 27/28 MP: 4/6
   702 | D:2      | Found a faded altar of an unknown god.
  1149 | D:3      | Reached XP level 4. HP: 36/36 MP: 7/7
  1560 | D:4      | Reached skill level 6 in Stealth
  1814 | D:4      | Found a radiant altar of Vehumet.
  1857 | D:4      | Became a worshipper of Vehumet
  1901 | D:4      | Found a runed translucent gate.
  1901 | D:4      | Found a runed translucent gate.
  1901 | D:4      | Found a runed translucent gate.
  1908 | D:4      | Noticed aor's ghost (novice MiGl)
  1909 | D:4      | Noticed a kobold brigand
  1948 | D:4      | Noticed a scorpion
  1958 | D:4      | Killed a scorpion
  1959 | D:4      | Reached XP level 5. HP: 19/43 MP: 0/8
  2154 | D:5      | Entered Level 5 of the Dungeon
  2267 | D:5      | Reached XP level 6. HP: 50/50 MP: 10/10
  2292 | D:5      | Reached skill level 1 in Fighting
  2292 | D:5      | Reached skill level 1 in Ice Magic
  2499 | D:5      | Reached XP level 7. HP: 11/57 MP: 2/12
  2689 | D:5      | Reached skill level 1 in Throwing
  2708 | D:5      | Learned a level 3 spell: Tukima's Dance
  2900 | D:5      | Found a sacrificial altar of Ru.
  3087 | D:6      | Reached skill level 7 in Stealth
  3223 | D:6      | Found a staircase to the Ecumenical Temple.
  3254 | D:6      | HP: 1/57 [killer bee (4)]
  3255 | D:6      | Mangled by a killer bee

Illustrated notes

Levels and vault maps discovered:
D:1:      dpeg_arrival_solitude, layout_rooms, minmay_rat_gold_closets
D:2:      minmay_alternating_diamond, layout_basic,
          hellmonk_ecumenical_altar_inner_sanctum
D:3:      layout_rooms, kennysheep_cluttered_room
D:4:      layout_loops_ring, vehumet_altar_wand_db, serial_aquarium,
          aquarium_bridge_square [aquarium_subvault_balcony,
          aquarium_subvault_bridge, aquarium_subvault_bridge,
          aquarium_subvault_wall], aquarium_window_fake, aquarium_window_fake,
          aquarium_window_1, aquarium_window_fake, aquarium_view_2c,
          aquarium_view_2b, gammafunk_ghost_nasty_kobolds, st_stairs_14
D:5:      layout_loops_ring, mainiacjoe_overflow_alcove_4
D:6:      layout_basic, temple_fountains, minmay_small_thing

Skill      XL: |  1  2  3  4  5  6  7 |
---------------+----------------------+-----
Stealth        | 5 6 7 |  7.2
Dodging        | 2 |  2.9
Short Blades   | 2 |  2.9
Spellcasting   | 3 |  3.8
Fighting       | 1 |  1.3
Ice Magic      | 1 |  1.5
Throwing       | 1 |  1.4
Hexes          | 4 |  4.0
Evocations     | |  0.1

Action                     |  1- 3 |  4- 6 |  7- 9 || total
---------------------------+-------+-------+-------++-------
  Melee: Dagger            |    33 |       |       ||    33
         Short sword       |    87 |   133 |    30 ||   250
         Punch             |       |     2 |     1 ||     3
  Throw: Dart              |       |     7 |       ||     7
   Cast: Ensorcelled Hiber |     1 |    26 |     8 ||    35
Ability: Spit Poison       |       |     8 |       ||     8
  Evoke: Wand              |       |     1 |     6 ||     7
    Use: Potion            |     4 |     4 |     3 ||    11
         Scroll            |     2 |     5 |     1 ||     8
   Stab: Sleeping          |    17 |     9 |     5 ||    31
         Invisible         |     1 |     8 |       ||     9
 Armour: Robe              |    79 |    95 |    41 ||   215
  Dodge: Dodged            |    93 |    91 |    40 ||   224
